 Dungeon Crawl Stone Soup version 0.30-a0-1116-gebefce21f7 (webtiles) character file.

Game seed: 2784268049900414584

113 greynaab the Cudgeller (level 4, -3/26 HPs)
             Began as a Gargoyle Reaver on Apr 21, 2023.
             Slain by a centaur (5 damage)
             ... on level 6 of the Dungeon.
             The game lasted 00:05:16 (1734 turns).

greynaab the Cudgeller (Gargoyle Reaver)            Turns: 1734, Time: 00:05:17

Health: -3/26      AC:  8    Str: 18    XL:     4   Next: 96%
Magic:  7/7        EV: 10    Int: 13    God:
Gold:   197        SH:  0    Dex:  8    Spells: 6/7 levels left

rFire   + . .      SeeInvis .    a - +0 mace
rCold   + . .      Faith    .    (no shield)
rNeg    + . .      Spirit   .    l - +0 ring mail
rPois   ∞          Reflect  .    (no helmet)
rElec   +          Rampage  .    (no cloak)
rCorr   +                        (no gloves)
Will    .....                    (no boots) Stlth
                                 (no amulet)
HPRegen 0.24/turn                (no ring)
MPRegen 0.10/turn                (no ring)

@: resistant, attractive
A: sickness immunity, AC +3, negative energy resistance 1, electricity
resistance, torment resistance 1, petrification resistance
a: no special abilities


You were on level 6 of the Dungeon.
You visited 1 branch of the dungeon, and saw 4 of its levels.

You collected 197 gold pieces.

Inventory:

Hand Weapons
 a - a +0 mace (weapon)
Missiles
 c - 8 poisoned darts (quivered)
 d - 4 silver javelins
 n - a throwing net
Armour
 l - a +0 ring mail (worn)
Wands
 q - a wand of flame (18)
Scrolls
 e - 2 scrolls of blinking
 f - a scroll of vulnerability
 i - a scroll of poison
 p - a scroll of teleportation
Potions
 b - a potion of lignification {unknown}
 h - a potion of resistance
 j - a potion of might {unknown}
 k - 2 potions of attraction
 m - 2 potions of flight {unknown}
 o - a potion of mutation {unknown}


   Skills:
 - Level 2.1 Fighting
 + Level 1.4(3.3) Axes
 - Level 5.1(5.2) Maces & Flails
 - Level 1.5 Dodging
 - Level 2.0 Spellcasting
 - Level 3.2 Conjurations


You had 6 spell levels left.
You knew the following spells:

 Your Spells              Type           Power      Damage    Failure   Level
a - Kiss of Death         Conj/Necr      20%        2d7       24%         1

Your spell library contained the following spells:

 Spells                   Type           Power      Damage    Failure   Level
 Momentum Strike          Conj/Tloc      10%        3d8       34%         2
 Ensorcelled Hibernation  Hex/Ice        2%         N/A       56%         2
 Hailstorm                Conj/Ice       5%         3d4       56%         3
 Spider Form              Tmut/Pois      1%         N/A       80%         3
 Anguish                  Hex/Necr       0%         N/A       99%         4


Dungeon Overview and Level Annotations

Branches:
Dungeon (6/15) Zot: 22218
 Temple: D:4-7

Altars:
Ashenzari

Shops:
D:2 (


Innate Abilities, Weirdness & Mutations

You are immune to sickness and miasma.
Your stone body is resilient. (AC +3)
You are immune to poison.
You resist negative energy. (rN+)
You are resistant to electric shocks. (rElec)
You are resistant to unholy torment.
You are immune to petrification.


Message History

You hear the hiss of flowing sand.
There is an entrance to an ossuary on this level.
Hurry and find it before the portal is buried!
Found a stone staircase leading down.
Unknown command.
Unknown command.
As you read the scroll labelled ATWUNEHOSS, it crumbles to dust.
It is a scroll of identify.
i - a scroll of poison
As you read the scroll of identify, it crumbles to dust.
p - a scroll of teleportation
As you read the scroll labelled VISEME WATASO, it crumbles to dust.
Magic quickly surges around you.
It was a scroll of vulnerability.
You start waiting.
You feel your willpower return.
Okay, then.
You hear the slow hiss of a very distant avalanche of sand.
You now have 197 gold pieces (gained 17).
A centaur comes into view.
The centaur shouts!
The centaur wields a +0 shortbow.
The centaur shoots an arrow.
The arrow hits you!
Unknown command.
The centaur shoots an arrow.
The arrow hits you but does no damage.
The centaur unwields a +0 shortbow.
The centaur hits you but does no damage.
The centaur kicks you but does no damage.
The centaur barely misses you. The centaur kicks you.
It was a potion of attraction.
You feel attractive to monsters.
The centaur hits you but does no damage.
The centaur kicks you but does no damage.
You hit the centaur but do no damage. The centaur hits you.
The centaur kicks you. The centaur hits you.
* * * LOW HITPOINT WARNING * * *
The centaur kicks you but does no damage.
Unknown command.
It was a potion of resistance.
You feel protected. The centaur hits you.
You die...

#####
###...####
........
#......#
#.#c#..# #
#..@#..#
#.#..##..#
#........#
####.#.###
#>...####
#.......+
#....####
#.#.##
#...##


You could see a centaur.

Vanquished Creatures
  A hound (D:2)
  Ijyb (D:3)
  3 worms (D:2)
  A dart slug (D:1)
  An orc (D:3)
  9 bats
  2 endoplasms
  2 giant cockroaches (D:2)
  7 goblins
  4 hobgoblins
  3 jackals (D:1)
  A kobold (D:2)
  A quokka (D:2)
  5 ball pythons
  2 frilled lizards (D:2)
  3 rats
46 creatures vanquished.

Notes
Turn   | Place    | Note
-------+----------+-------------------------------------------
     0 | D:1      | greynaab the Gargoyle Reaver began the quest for the Orb.
     0 | D:1      | Reached XP level 1. HP: 12/12 MP: 3/3
   211 | D:1      | Reached XP level 2. HP: 17/17 MP: 5/5
   816 | D:2      | Reached skill level 4 in Maces & Flails
   831 | D:2      | Reached XP level 3. HP: 16/21 MP: 6/6
   945 | D:2      | Reached XP level 4. HP: 18/26 MP: 7/7
  1083 | D:2      | Reached skill level 5 in Maces & Flails
  1140 | D:2      | Found a broken altar of Ashenzari.
  1393 | D:2      | Found Vinasin's Weapon Shop.
  1607 | D:3      | Noticed Ijyb
  1618 | D:3      | Killed Ijyb
  1619 | D:3      | Reached skill level 1 in Axes
  1672 | D:3      | You fall into a shaft and drop 3 floors!
  1729 | D:6      | Noticed a centaur
  1734 | D:6      | Slain by a centaur

Illustrated notes

Levels and vault maps discovered:
D:1:      minmay_arrival_floating_metal, layout_loops_ring, minmay_vboxes
D:2:      layout_basic, basic_altar, serial_shops, nicolae_shop_real_fake_doors,
          minmay_3d_cube
D:3:      layout_basic, chequers_temple_overflow_minitemple, serial_shops, shop,
          minmay_misc_feat_pillars, uniq_ijyb
D:6:      lemuel_castle_with_subvaults [lemuel_castle_interior_carwin_2],
          layout_loops_corners, pf_just_have_faith, fedhas_altar_decomposition,
          gup_ossuary_entry_pyramid

Skill      XL: |  1  2  3  4 |
---------------+-------------+-----
Maces & Flails | 4 5 |  5.1
Axes           | 1 |  1.4
Fighting       | |  2.1
Dodging        | |  1.5
Spellcasting   | |  2.0
Conjurations   | |  3.2

Action                     |  1- 3 |  4- 6 || total
---------------------------+-------+-------++-------
  Melee: Mace              |    81 |    90 ||   171
         Punch             |       |     1 ||     1
  Throw: Dart              |       |     2 ||     2
    Use: Scroll            |     1 |     3 ||     4
         Potion            |       |     2 ||     2
 Armour: Leather armour    |    23 |       ||    23
         Ring mail         |    13 |    44 ||    57
  Dodge: Dodged            |    60 |    64 ||   124

Table legend: (Time is in decaauts)
 A = Elapsed time spent in this place.
 B = Non-inter-level travel time spent in this place.
 C = Inter-level travel time spent in this place.
 D = Time resting spent in this place.
 E = Time spent auto-exploring this place.
 F = Levels seen in this place.
 G = Mean time per level.
                   A        B        C        D        E       F      G
               +--------+--------+--------+--------+--------+-----+--------+
         Total |   1780 |   1726 |     54 |    107 |   1216 |   4 |  445.0 |
       Dungeon |   1780 |   1726 |     54 |    107 |   1216 |   4 |  445.0 |
               +--------+--------+--------+--------+--------+-----+--------+

Top non-repeatable levels by time:
     D:1: 841 daAuts
     D:2: 804 daAuts
     D:3: 72 daAuts
     D:6: 61 daAuts
